AoeStats
← 13395376

Arena

510538234Analyzed
1v1 RM · 2d ago on Oct 1, 2026· 41m 18s· 2 players
Game mode
Random Map
Map size
Tiny (2 player)
Population
200
Speed
Normal
Resources
Standard
Victory
Conquest
Starting age
Dark Age
Ending age
Imperial Age
RankedLock teamsTeams togetherTeam positionsShared explorationLock speedFull tech treeHidden civsTurbo modeCheats
Victory
Defeat
🇨🇳 Burgundians · China
304
+14
🇨🇳 Romans · China
268
-14
Nightowl476
0:31 Loom
14:41 Feudal Age
17:01 Wheelbarrow
16:12 Town Watch
16:10 Horse Collar
16:18 Double-Bit Axe
21:42 Gold Mining
28:27 Castle Age
30:02 Gold Shaft Mining
29:47 Hand Cart
29:32 Town Patrol
29:36 Heavy Plow
29:48 Bow Saw
29:38 Stone Mining
33:03 Fletching
34:01 Bodkin Arrow
39:09 Stone Mining
39:33 Forging
39:28 Scale Barding Armor
39:24 Scale Mail Armor
39:25 Padded Archer Armor
13395376
2:01 Loom
13:36 Feudal Age
12:31 Double-Bit Axe
22:06 Castle Age
22:51 Husbandry
22:36 Cavalier
27:26 Stone Mining
27:29 Gold Mining
29:31 Stone Shaft Mining
29:33 Gold Shaft Mining
42:29 Imperial Age
Connection lost

Rejoining the realm…

Still unreachable

The connection could not be restored.

Session expired

The server has moved on; the page needs a fresh start.